AoeStats
← Schantiiniiii

African Clearing

505731034Analyzed
4v4 RM · 20d ago on Sep 10, 2026· 27m 19s· 8 players
Game mode
Random Map
Map size
Large (8 player)
Population
200
Speed
Normal
Resources
Standard
Victory
Conquest
Starting age
Dark Age
Ending age
Imperial Age
RankedLock teamsTeams togetherTeam positionsShared explorationLock speedFull tech treeHidden civsTurbo modeCheats
Victory
Defeat
🇧🇴 Gurjaras · Bolivia
1748
+11
🇫🇮 Burmese · Finland
1700
+13
🇭🇰 Hindustanis · Hong Kong SAR China
1674
+14
🇧🇴 Berbers · Bolivia
1641
+15
🇩🇪 Huns · Germany
1708
-16
🇨🇭 Portuguese · Switzerland
1694
-16
🇫🇷 Koreans · France
1582
-11
🇩🇪 Vietnamese · Germany
1536
-10
[ECU] Pendeck's
6:36 Loom
15:41 Feudal Age
15:47 Man-at-Arms
17:09 Double-Bit Axe
19:27 Town Watch
25:30 Castle Age
24:08 Scale Barding Armor
24:24 Bloodlines
25:14 Forging
Sunset
5:01 Loom
12:40 Feudal Age
16:43 Castle Age
16:03 Gold Mining
16:58 Padded Archer Armor
24:04 Wheelbarrow
26:51 Husbandry
27:03 Bloodlines
26:53 Husbandry
NOBLE FLAMIGO
11:47 Feudal Age
12:30 Double-Bit Axe
19:00 Castle Age
18:11 Bloodlines
19:42 Light Cavalry
20:31 Scale Barding Armor
21:04 Bow Saw
25:27 Horse Collar
26:27 Heavy Plow
26:15 Loom
27:32 Wheelbarrow
26:48 Town Watch
Hui
6:09 Loom
12:43 Feudal Age
14:03 Double-Bit Axe
17:17 Fletching
19:22 Horse Collar
24:56 Castle Age
23:36 Padded Archer Armor
25:01 Crossbowman
25:37 Bodkin Arrow
25:53 Bow Saw
Pfienz
2:42 Loom
12:30 Feudal Age
18:23 Castle Age
Schantiiniiii
3:39 Loom
12:16 Feudal Age
13:34 Double-Bit Axe
25:06 Castle Age
Serxer
9:30 Loom
12:10 Feudal Age
13:23 Double-Bit Axe
17:16 Fletching
19:42 Padded Archer Armor
26:19 Castle Age
26:24 Crossbowman
27:09 Bodkin Arrow
twitch.tv/gliedi69
3:59 Loom
12:57 Feudal Age
16:34 Castle Age
15:19 Double-Bit Axe
16:28 Horse Collar
17:31 Bow Saw
18:01 Heavy Plow
19:17 Wheelbarrow
25:41 Fletching
26:20 Bodkin Arrow
Connection lost

Rejoining the realm…

Still unreachable

The connection could not be restored.

Session expired

The server has moved on; the page needs a fresh start.